 Dungeon Crawl Stone Soup version 0.29-a0-334-gb41bcbb86e (webtiles) character file.

Game seed: 2978834849977285392

234 avis the Ruffian (level 6, -6/56 HPs)
             Began as a Hill Orc Monk on Apr 14, 2022.
             Mangled by a gnoll
             ... wielding a +0 flail
              (13 damage)
             ... on level 4 of the Dungeon.
             The game lasted 00:14:56 (5104 turns).

avis the Ruffian (Hill Orc Monk)                    Turns: 5104, Time: 00:14:57

Health: -6/56      AC:  2    Str: 16    XL:     6   Next: 5%
Magic:  6/6        EV: 12    Int: 10    God:
Gold:   219        SH:  0    Dex: 13    Spells: 5/5 levels left

rFire   . . .      SeeInvis .     - Unarmed
rCold   . . .      Faith    .   (no shield)
rNeg    . . .      Spirit   .   a - +0 robe
rPois   .          Reflect  .   (no helmet)
rElec   .          Harm     .   (no cloak)
rCorr   .          Rampage  .   (no gloves)
Will    .....                   (no boots)
Stlth   ++........              (no amulet)
HPRegen 0.18/turn               (no ring)
MPRegen 0.10/turn               (no ring)

@: no status effects
A: no striking features
a: no special abilities


You were on level 4 of the Dungeon.
You visited 1 branch of the dungeon, and saw 5 of its levels.

You collected 219 gold pieces.

Inventory:

Hand Weapons
 b - a +2 vampiric whip
 c - a +0 halberd
 s - a +0 spear
 y - a +0 hand crossbow
Missiles
 d - 66 stones (quivered)
Armour
 a - a +0 robe (worn)
Wands
 x - a wand of polymorph (3)
Scrolls
 f - a scroll of enchant weapon {unknown}
 g - a scroll of acquirement {unknown}
 j - a scroll of teleportation {unknown}
 k - 6 scrolls of identify {unknown}
 l - 2 scrolls of enchant armour {unknown}
 r - a scroll of torment {unknown}
 u - 2 scrolls of amnesia {unknown}
 w - a scroll of silence {unknown}
 A - a scroll of immolation {unknown}
Potions
 e - a potion of resistance {unknown}
 h - a potion of cancellation {unknown}
 i - 5 potions of haste {unknown}
 m - a potion of attraction {unknown}
 n - a potion of invisibility {unknown}
 o - 4 potions of heal wounds {unknown}
 p - 4 potions of curing {unknown}
 q - a potion of berserk rage {unknown}
 t - 2 potions of flight {unknown}
 v - 2 potions of degeneration {unknown}
 z - 2 potions of lignification {unknown}


   Skills:
 + Level 5.2 Fighting
 - Level 2.4 Dodging
 - Level 1.5 Stealth
 * Level 6.3 Unarmed Combat


You had 5 spell levels left.
You didn't know any spells.
Your spell library contained the following spells:

 Spells                   Type           Power      Damage    Failure   Level
 Airstrike                Air            0%         N/A       98%         4
 Summon Lightning Spire   Summ/Air       0%         N/A       98%         4
 Lightning Bolt           Conj/Air       0%         1d11      100%        5


Dungeon Overview and Level Annotations

Branches:
Dungeon (5/15)
 Temple: D:4-7

Altars:
Ru
Uskayaw
Zin

Shops:
D:3 :


Message History

You see here a +0 dagger.
Things that are here:
a +0 flail of holy wrath; a +0 whip; a +0 club
There is a stone staircase leading up here.
Done exploring.
Done exploring.
There is a stone staircase leading down here.
You climb downwards.
There is a stone staircase leading up here.
There is a stone staircase leading up here.
There is a stone staircase leading up here.
There is a stone staircase leading up here.
You climb upwards.
There is a stone staircase leading down here.
There is a stone staircase leading down here.
You climb downwards.
There is a stone staircase leading up here.
There is a stone staircase leading up here.
You climb upwards.
There is a stone staircase leading down here.
There is a stone staircase leading down here.
You climb downwards.
The gnoll shouts!
You hear a shout!
A gnoll comes into view. It is wielding a +0 spear.
The gnoll hits you with a +0 flail!
The gnoll shouts!
There is a stone staircase leading up, spattered with blood here.
The gnoll hits you with a +0 whip. The gnoll hits you with a +0 flail!
You climb upwards.
There is a stone staircase leading down here.
The gnoll hits you with a +0 whip. The gnoll attacks as you move away!
The gnoll hits you with a +0 whip. The gnoll attacks as you move away!
The gnoll hits you with a +0 whip! The gnoll attacks as you move away!
The gnoll hits you with a +0 flail!
* * * LOW HITPOINT WARNING * * *
The gnoll attacks as you move away! The gnoll hits you with a +0 whip!
* * * LOW HITPOINT WARNING * * *
The gnoll attacks as you move away! The gnoll misses you.
The gnoll attacks as you move away! The gnoll hits you with a +0 flail!
You die...

.....# ##########.####.#
.....# #....#..........#
.....# #....#..##.######
.....# #....#..##..#
.....######....#......#
.....#....+....+.)....#
#'####....#....#..#.#.###
.......................>#
#.####..........@g......#
#.####.##.#######g#.#.#.#
.....#.##.# #####.#.#.#.#
#.##.#.##.# #.........#.#
..##.#.##.# #.###.#.....#
#.##.#.##.###.# #.#...#.#####
...........##.# #.#.........#
..##.####..##.###.#.....##..#
..##.# #...............##..#


You could see 2 gnolls.

Vanquished Creatures
  An iguana (D:3)
  A hound skeleton (D:3)
  6 gnolls
  6 adders
  An adder skeleton (D:3)
  4 dart slugs
  An orc (D:4)
  8 ball pythons
  4 bats
  9 endoplasms
  7 giant cockroaches
  4 goblins
  2 hobgoblins
  4 jackals (D:1)
  8 frilled lizards
  A jackal zombie (D:3)
  5 kobolds
  8 rats
80 creatures vanquished.

Vanquished Creatures (others)
  A plant (D:1)
  2 withered plants (D:3)
3 creatures vanquished.

Grand Total: 83 creatures vanquished

Notes
Turn   | Place    | Note
-------+----------+-------------------------------------------
     0 | D:1      | avis the Hill Orc Monk began the quest for the Orb.
     0 | D:1      | Reached XP level 1. HP: 19/19 MP: 1/1
     1 | D:1      | Found a runed translucent door.
   338 | D:1      | Reached XP level 2. HP: 24/27 MP: 2/2
   566 | D:1      | Reached skill level 4 in Unarmed Combat
  1157 | D:1      | Reached XP level 3. HP: 33/33 MP: 3/3
  1323 | D:2      | Found a faded altar of an unknown god.
  1679 | D:2      | Reached XP level 4. HP: 33/41 MP: 4/4
  1850 | D:2      | Reached skill level 5 in Unarmed Combat
  2593 | D:3      | Found Javid's Book Shop.
  2602 | D:3      | Found a glowing silver altar of Zin.
  2608 | D:3      | Found a sacrificial altar of Ru.
  2663 | D:3      | Reached XP level 5. HP: 41/47 MP: 5/5
  2732 | D:3      | Found a hide-covered altar of Uskayaw.
  3039 | D:3      | Reached skill level 5 in Fighting
  3483 | D:3      | Reached skill level 6 in Unarmed Combat
  4022 | D:4      | Reached XP level 6. HP: 9/56 MP: 6/6
  5006 | D:5      | Entered Level 5 of the Dungeon
  5104 | D:4      | Mangled by a gnoll

Illustrated notes

Levels and vault maps discovered:
D:1:      dpeg_arrival_caged_fury, layout_loops_ring, serial_forest,
          infiniplex_forest_lined_1, infiniplex_forest_clump_medium,
          infiniplex_forest_clump_small, infiniplex_forest_straight_2,
          infiniplex_forest_end_2, minmay_3d_cube
D:2:      layout_loops_ring, shapermc_ecumenical_altar_starsandcircs,
          chequers_serial_rivers_small_a, minmay_misc_feat_enclosed,
          minivault_26, minmay_snake_closets
D:3:      layout_basic, eat_drink_and_be_merry_uskayaw, jmf_multi_god_temple,
          serial_undead, serial_undead_d, serial_undead_d, serial_undead_e,
          serial_undead_f, serial_shops, shop, chequers_serial_rivers_room_b
D:4:      layout_basic, nrook_loot_triangle, corexii_hall_statues_x
D:5:      layout_loops_cross, serial_shops, nicolae_shop_waterfront,
          minmay_fractal_squares_gapless_5

Skill      XL: |  1  2  3  4  5 |
---------------+----------------+-----
Fighting       | 4 5 |  5.2
Unarmed Combat | 4 5 6 |  6.3
Dodging        | |  2.4
Stealth        | |  1.5

Action                   |  1- 3 |  4- 6 || total
-------------------------+-------+-------++-------
Melee: Unarmed           |   146 |   134 ||   280
       Punch             |     2 |     3 ||     5
       Whip              |       |    15 ||    15
  Use: Potion            |       |     1 ||     1
 Stab: Sleeping          |     6 |     7 ||    13
Armor: Robe              |    27 |    26 ||    53
Dodge: Dodged            |    84 |    85 ||   169

Table legend: (Time is in decaauts)
 A = Elapsed time spent in this place.
 B = Non-inter-level travel time spent in this place.
 C = Inter-level travel time spent in this place.
 D = Time resting spent in this place.
 E = Time spent auto-exploring this place.
 F = Levels seen in this place.
 G = Mean time per level.
                   A        B        C        D        E       F      G
               +--------+--------+--------+--------+--------+-----+--------+
         Total |   5098 |   4643 |    455 |   1221 |   2325 |   5 | 1019.6 |
       Dungeon |   5098 |   4643 |    455 |   1221 |   2325 |   5 | 1019.6 |
               +--------+--------+--------+--------+--------+-----+--------+

Top non-repeatable levels by time:
     D:2: 1669 daAuts
     D:1: 1328 daAuts
     D:4: 1113 daAuts
     D:3: 968 daAuts
     D:5: 18 daAuts
